Map: Blueshift LE

Players

Mongoose

  • Race: Terran Terran
  • League: Platinum
  • Spawn Location: 7:00

Nero - Winner!

  • Race: Zerg Zerg
  • League: Platinum
  • Spawn Location: 1:00

VOD

Have the link to the VOD?

Description

Time

  • Played on: Nov. 8, 2018, 7:02 p.m.
  • Length: 16:39
Show
View Real Time Build Order
Export as new Build Order

Mongoose Terran 

Build Orders:  

Get SALT Encoding   

  12  0:01  SCV  
  13  0:13  Supply Depot  
  13  0:18  SCV  
  14  0:30  SCV  
  15  0:36  Barracks  
  16  0:42  SCV  
  16  0:46  Refinery  
  16  0:55  SCV  
  17  1:07  SCV  
  18  1:21  SCV  
  19  1:30  Supply Depot  
  19  1:36  Orbital Command  
  19  1:52  Barracks Reactor  
  19  1:58  Command Center  
  19  2:02  SCV  
  20  2:19  Refinery  
  20  2:22  Factory  
  20  2:29  Barracks, SCV  
  21  2:38  Marine x2  
  21  2:41  SCV  
  24  2:53  SCV  
  24  2:56  Marine x2  
  27  2:59  Supply Depot  
  27  3:07  SCV  
  27  3:10  Factory Reactor  
  28  3:13  Starport  
  28  3:14  Marine x2  
  28  3:19  SCV  
  31  3:22  Barracks Tech Lab  
  31  3:26  Orbital Command  
  31  3:36  Marine x2  
  33  3:44  Stimpack  
  33  3:45  Marine  
  34  3:49  Orbital Command  
  34  3:54  Marine x2  
  36  3:57  Supply Depot  
  36  4:06  Marine  
  37  4:11  Marine  
  37  4:12  Marine  
  39  4:20  Supply Depot  
  39  4:22  SCV x2  
  41  4:24  Marine  
  41  4:29  Factory Tech Lab, Marine  
  43  4:31  Medivac  
  43  4:32  Medivac  
  43  4:34  SCV x2  
  49  4:38  Engineering Bay  
  49  4:39  Engineering Bay  
  49  4:46  Armory, SCV, Marine  
  49  4:48  Marine  
  49  4:49  Marine  
  53  4:55  Siege Tank  
  56  5:01  Supply Depot  
  56  5:03  SCV  
  57  5:17  SCV  
  57  5:19  Terran Infantry Weapons Level 1, Terran Infantry Armor Level 1  
  57  5:20  Marine x3  
  61  5:25  SCV  
  62  5:29  SCV  
  63  5:37  Marine  
  62  5:56  Marine  
  62  5:57  Marine x2  
  65  6:14  Marine x3  
  68  6:23  Siege Tank  
  67  6:32  Marine x3  
  68  6:45  SCV  
  69  6:49  Supply Depot, Marine  
  69  6:50  Marine x2  
  69  6:51  SCV  
  73  6:55  Siege Tank  
  73  6:56  Refinery  
  73  6:57  SCV  
  73  6:58  Refinery, Terran Vehicle Weapons Level 1, Starport Reactor  
  77  7:04  SCV  
  78  7:09  Barracks x2  
  78  7:11  SCV, Marine x3  
  78  7:13  Barracks  
  78  7:14  Barracks  
  78  7:15  Combat Shield  
  82  7:22  Barracks  
  82  7:23  Supply Depot  
  82  7:28  Marine x2  
  82  7:29  Marauder  
  86  7:53  Command Center  
  86  8:06  Terran Infantry Armor Level 2, Terran Infantry Weapons Level 2  
  86  8:10  Barracks Reactor  
  86  8:11  Barracks Reactor  
  86  8:16  Barracks Reactor  
  86  8:22  SCV  
  86  8:23  SCV  
  88  8:34  SCV, Concussive Shells  
  88  8:35  SCV  
  71  8:46  SCV  
  71  8:47  SCV  
  61  8:59  SCV x2  
  63  9:11  SCV x2  
  63  9:13  Barracks Reactor x2  
  63  9:14  Siege Tank  
  68  9:17  Supply Depot x2, Marine  
  68  9:18  Marine x8  
  68  9:19  Supply Depot  
  68  9:21  Supply Depot  
  77  9:29  Terran Vehicle Weapons Level 2  
  77  9:35  Marine  
  77  9:36  Marine x8  
  86  9:42  Supply Depot  
  86  9:46  Siege Tank, Supply Depot  
  89  9:53  Marine  
  89  9:54  Marine x8  
  89  9:56  Planetary Fortress  
  89  9:59  Missile Turret  
  98  10:01  Missile Turret  
  98  10:05  Missile Turret  
  98  10:11  Marine  
  99  10:18  Siege Tank  
  102  10:26  SCV, Refinery x2  
  102  10:27  SCV  
  104  10:38  SCV  
  104  10:39  SCV  
  106  10:50  SCV  
  106  10:51  Siege Tank, SCV  
  111  11:03  SCV x2  
  110  11:13  Viking  
  110  11:14  Viking  
  110  11:15  SCV x2  
  116  11:21  Marine  
  116  11:22  Marine x10  
  116  11:23  Siege Tank  
  106  11:43  Viking  
  106  11:44  Viking  
  94  11:55  Siege Tank  
  91  12:13  Viking  
  91  12:14  Viking  
  95  12:17  SCV  
  95  12:18  SCV x2  
  98  12:27  Siege Tank  
  101  12:43  Viking  
  103  12:44  Viking  
  103  12:47  Marine x3  
  103  12:48  Marine x8  
  103  12:49  Marine  
  117  12:56  Factory  
  117  12:59  Siege Tank, Starport  
  120  13:10  Liberator x2  
  120  13:28  Marine  
  120  13:29  Marine  
  120  13:30  Marine x10  
  120  13:31  Siege Tank  
  141  13:46  Marine  
  141  13:47  Marine  
  141  13:48  Marine x10  
  153  14:04  Marine  
  153  14:05  Marine x3  
  157  14:32  Liberator x2  
  157  14:43  Supply Depot x2  
  157  14:45  Supply Depot  
  157  14:49  Marine x7  
  157  14:50  SCV x3  
  173  14:52  Supply Depot  
  173  14:53  Supply Depot x3  
  173  14:55  Supply Depot  
  173  14:56  Supply Depot  
  173  15:04  SCV x3, Marine x3  
  179  15:07  Supply Depot  
  179  15:15  Liberator x2  
  179  15:16  SCV x3  
  102  15:28  SCV x3  
  102  15:33  Starport Tech Lab  
  102  15:35  Factory Tech Lab  
  100  15:36  Starport Reactor  
  100  15:40  SCV x3  
  103  15:49  Barracks Tech Lab  
  103  15:59  Siege Tank  
  103  16:02  Siege Tank  
Show
View Real Time Build Order
Export as new Build Order

Nero Zerg - Winner!

Build Orders: Hatch First 

Get SALT Encoding   

  12  0:13  Overlord  
  12  0:19  Drone x2  
  14  0:31  Extractor  
  14  0:33  Drone  
  14  0:46  Drone  
  15  0:53  Drone  
  16  0:59  Drone  
  17  1:13  Drone  
  17  1:16  Hatchery  
  17  1:26  Drone  
  18  1:36  Drone  
  20  1:40  Drone  
  20  1:47  Spawning Pool  
  20  1:52  Drone  
  20  2:03  Overlord  
  20  2:15  Drone  
  21  2:23  Drone  
  22  2:30  Drone  
  22  2:34  Queen  
  22  2:35  Queen  
  27  2:38  Zergling x2  
  27  2:39  Metabolic Boost  
  28  2:44  Zergling x2  
  28  2:48  Spore Crawler  
  28  2:50  Spore Crawler  
  28  2:51  Drone x2  
  29  2:56  Zergling x2  
  30  3:04  Roach Warren  
  29  3:06  Drone  
  29  3:09  Extractor, Drone  
  30  3:14  Drone  
  31  3:22  Drone  
  31  3:24  Drone  
  33  3:30  Queen  
  33  3:33  Lair  
  35  3:35  Drone  
  35  3:40  Overlord  
  36  4:01  Roach x3  
  42  4:03  Roach  
  42  4:04  Overlord  
  43  4:21  Drone, Overlord  
  45  4:24  Drone x4  
  45  4:26  Overlord  
  45  4:27  Drone  
  45  4:28  Drone  
  50  4:34  Glial Reconstitution  
  50  4:37  Drone  
  51  4:43  Drone  
  51  4:44  Drone  
  53  4:49  Drone  
  54  5:01  Hatchery  
  54  5:02  Roach  
  54  5:04  Roach  
  54  5:06  Roach  
  59  5:13  Extractor, Zergling x2, Overlord  
  59  5:24  Zergling x6  
  59  5:27  Baneling Nest  
  61  5:30  Roach  
  61  5:31  Roach x2  
  61  5:33  Overseer  
  69  5:50  Ravager x4  
  69  5:51  Drone x2  
  69  5:52  Drone  
  69  5:55  Hydralisk Den  
  73  6:18  Overlord x3  
  71  6:19  Zergling x2, Overlord  
  59  6:27  Zergling x4  
  59  6:28  Zergling x4  
  59  6:31  Hatchery  
  55  6:41  Drone x3  
  55  6:46  Queen  
  60  6:47  Drone x3, Spore Crawler  
  60  6:49  Zergling x2  
  60  6:50  Spore Crawler  
  60  6:53  Extractor  
  61  7:01  Baneling x4  
  61  7:02  Baneling x3  
  61  7:03  Centrifical Hooks  
  61  7:07  Zergling x2  
  62  7:12  Drone x2  
  62  7:13  Drone  
  65  7:22  Drone x3  
  68  7:25  Drone x2  
  70  7:33  Zergling x2  
  70  7:36  Zergling x2  
  72  7:39  Queen  
  72  7:42  Drone  
  72  7:43  Queen  
  77  7:44  Drone  
  78  7:55  Zergling x8  
  82  8:00  Hydralisk Den  
  82  8:01  Drone x4  
  82  8:03  Drone  
  86  8:16  Drone x2  
  86  8:19  Queen  
  90  8:36  Spore Crawler  
  68  8:53  Zergling x2  
  68  8:54  Zergling x8  
  70  8:56  Zergling x6  
  70  8:57  Zergling x6  
  70  8:59  Zergling x16  
  70  9:02  Overseer x2  
  84  9:04  Spore Crawler  
  83  9:14  Grooved Spines  
  83  9:15  Muscular Augments, Nydus Network  
  83  9:16  Hydralisk x2  
  84  9:19  Drone  
  84  9:20  Drone x3  
  90  9:25  Drone x2  
  90  9:27  Baneling x2, Extractor  
  90  9:28  Baneling x5  
  90  9:29  Baneling  
  90  9:30  Baneling x4  
  91  9:46  Drone x2  
  91  9:47  Drone  
  91  9:50  Extractor  
  93  9:55  Zergling x8  
  93  9:56  Overlord  
  93  9:57  Overlord  
  97  10:03  Hatchery  
  96  10:18  Queen  
  96  10:20  Queen  
  100  10:21  Drone x2  
  100  10:22  Drone x5  
  100  10:24  Overlord x3  
  100  10:25  Baneling  
  100  10:26  Baneling x3  
  105  10:38  Nydus Canal  
  103  10:43  Zergling x2  
  103  10:44  Zergling x6  
  103  10:45  Hydralisk x3  
  103  10:48  Roach x3  
  103  10:49  Roach  
  121  11:06  Nydus Canal  
  118  11:20  Nydus Canal  
  118  11:30  Overlord  
  118  11:31  Zergling x10  
  118  11:32  Hydralisk x2  
  122  11:33  Hydralisk x4  
  122  11:35  Zergling x2  
  122  11:36  Zergling x10  
  93  12:04  Baneling x6  
  93  12:05  Zergling x2  
  93  12:06  Zergling x2, Drone  
  93  12:07  Drone x2  
  93  12:08  Hydralisk  
  98  12:09  Hydralisk x5  
  98  12:11  Roach x4  
  98  12:12  Roach  
  98  12:15  Queen  
  120  12:18  Zergling x4  
  124  12:22  Spore Crawler  
  124  12:24  Spore Crawler  
  124  12:26  Infestation Pit  
  121  12:35  Zergling x4  
  123  12:40  Zergling x4  
  123  12:41  Zergling x2  
  123  12:43  Drone x3  
  123  12:44  Drone x2  
  131  12:52  Zergling x8  
  135  12:59  Baneling x4  
  135  13:00  Baneling x3, Overlord x4  
  135  13:02  Overlord  
  135  13:08  Overlord  
  135  13:09  Overlord  
  135  13:13  Drone, Overlord  
  135  13:14  Overlord  
  136  13:23  Baneling x4  
  136  13:24  Baneling x3  
  136  13:34  Drone x2  
  136  13:35  Drone  
  136  13:37  Extractor  
  136  13:38  Baneling x3, Overseer  
  136  13:39  Extractor  
  136  13:41  Drone x3  
  140  13:44  Drone  
  140  13:45  Drone x6  
  147  13:51  Zergling x6  
  147  13:52  Zergling x6  
  149  14:05  Hatchery  
  148  14:17  Zergling x4  
  148  14:18  Zergling x8  
  148  14:19  Zergling x4  
  148  14:20  Zergling x2  
  157  14:29  Baneling x2  
  157  14:30  Baneling x4  
  157  14:32  Drone x4  
  157  14:33  Drone x2  
  163  14:38  Hydralisk  
  163  14:39  Hydralisk x4  
  163  14:41  Roach  
  163  14:42  Roach x4  
  183  14:48  Evolution Chamber x2  
  183  14:50  Baneling x4, Evolution Chamber  
  183  14:51  Baneling  
  180  14:54  Hatchery  
  179  15:03  Roach x2  
  187  15:07  Roach x5  
  148  15:37  Zergling x12  
  148  15:40  Zergling x2  
  148  15:41  Zergling x12  
  161  15:45  Zergling x14  
  161  15:47  Roach x3  
  161  15:48  Roach x2  
Tags
 
Add a new tag
Caveats
  • Supply blocks, unpowered buildings, or Contaminate may cause inaccurate times.
  • Supply counts are checked every 10 seconds.